 Dungeon Crawl Stone Soup version 0.31-a0-188-g5e087ee2ca (webtiles) character file.

Game seed: 10929685129774999555

172 qw the Skirmisher (level 5, -4/29 HPs)
             Began as a Deep Elf Hunter on June 23, 2023.
             Slain by a gnoll
             ... wielding a +0 flail
              (5 damage)
             ... on level 3 of the Dungeon.
             The game lasted 00:00:52 (1813 turns).

qw the Skirmisher (Deep Elf Hunter)                 Turns: 1813, Time: 00:00:52

Health: -4/29      AC:  7    Str: 10    XL:     5   Next: 27%
Magic:  7/7        EV: 12    Int: 14    God:
Gold:   214        SH:  0    Dex: 18    Spells: 4/4 levels left

rFire   . . .        Y - +0 shortbow
rCold   . . .        (shield currently unavailable)
rNeg    . . .        c - +0 leather armour
rPois   .            (no helmet)
rElec   .            (no cloak)
rCorr   .            (no gloves)
SInv    .            (no boots)
Will    .....        (no amulet)
Stlth   ++           h - +4 ring of protection
HPRegen 0.24/turn    (no ring)
MPRegen 0.10/turn

%: no passive effects
@: no status effects
A: no striking features
a: no special abilities


You were on level 3 of the Dungeon.
You visited 1 branch of the dungeon, and saw 3 of its levels.

You collected 214 gold pieces.


   Skills:
 - Level 1.5 Fighting
 + Level 8.7 Ranged Weapons
 - Level 2.4 Dodging
 - Level 1.2 Stealth


You had 4 spell levels left.
You didn't know any spells.
Your spell library was empty.

Inventory:

Hand Weapons
 Y - a +0 shortbow (weapon)
Armour
 c - a +0 leather armour (worn)
 g - a +0 scale mail
Jewellery
 h - a +4 ring of protection (left hand)
Scrolls
 e - a scroll of enchant armour {unknown}
 i - a scroll of identify
Potions
 a - a potion of berserk rage {unknown}
 b - a potion of brilliance {unknown}
 d - a potion of curing {unknown}
 f - a potion of mutation {unknown}
 j - a potion of magic {unknown}
 k - a potion of heal wounds {unknown}
 l - a potion of attraction {unknown}

Dungeon Overview and Level Annotations

Branches:
Dungeon (3/15)

Altars:
Fedhas
Kikubaaqudgha
Sif Muna


Message History

Enter note: You shoot an arrow.
The arrow hits the gnoll.
The gnoll is lightly wounded.
You shoot an arrow. The arrow barely misses the gnoll.
The arrow hits the gnoll.
The gnoll is moderately wounded.
The gnoll barely misses you.
You shoot an arrow. The arrow hits the gnoll.
The gnoll is heavily wounded.
The gnoll hits you with a +0 flail!
You shoot an arrow. The arrow hits the gnoll!
You kill the gnoll!
You shoot an arrow. The arrow hits the gnoll.
The gnoll is heavily wounded.
The gnoll hits you with a +0 flail.
You shoot an arrow. The arrow barely misses the gnoll.
The arrow hits the gnoll.
The gnoll is severely wounded.
The gnoll barely misses you.
You shoot an arrow. The arrow hits the gnoll.
The gnoll is almost dead.
The gnoll barely misses you. The gnoll hits you with a +0 flail.
You shoot an arrow.
The arrow hits the gnoll but does no damage.
The gnoll is almost dead.
The gnoll barely misses you.
You shoot an arrow. The arrow hits the gnoll.
You kill the gnoll!
You shoot an arrow. The arrow closely misses the gnoll. x2
The gnoll hits you with a +0 flail.
You shoot an arrow.
The arrow completely misses the gnoll. x2
The gnoll hits you but does no damage.
You shoot an arrow. The arrow hits the gnoll.
The gnoll is moderately wounded.
The gnoll hits you with a +0 flail.
You shoot an arrow. The arrow hits the gnoll.
The gnoll is moderately wounded.
The gnoll hits you with a +0 flail!
You shoot an arrow. The arrow hits the gnoll.
The gnoll is heavily wounded.
The gnoll hits you with a +0 flail.
You die...

#.._8_.# #......#
#......# #....#.#
#....#.# #....#.#
#### #....#.# .....
#....#.########......
#............@gg.....
##.........####......
#######.###..## .....
#.....(.# ##..# ....
#.#####.# ##.## #+###
#.# #.# #..###.# #.#
#.# ##..##.#
#.#####.#######..#.#
#.#.....##.........#


You could see 2 gnolls.

Vanquished Creatures
  A phantom (D:3)
  2 gnolls (D:3)
  An adder (D:3)
  2 worms (D:2)
  3 dart slugs
  2 orcs (D:3)
  7 ball pythons
  4 bats
  3 endoplasms
  2 giant cockroaches (D:1)
  5 goblins
  6 hobgoblins
  4 jackals
  A quokka (D:1)
  4 frilled lizards
  4 kobolds
  6 rats
57 creatures vanquished.

Notes
Turn   | Place    | Note
-------+----------+-------------------------------------------
     0 | D:1      | qw the Deep Elf Hunter began the quest for the Orb.
     0 | D:1      | Reached XP level 1. HP: 12/12 MP: 3/3
     0 | D:1      | 0 ||| qw: Version: 0.3-a-9-g12657ce
     0 | D:1      | 0 ||| qw: Game counter: 3559
     0 | D:1      | 0 ||| qw: Always use a shield: true
     0 | D:1      | 0 ||| qw: God list: Okawaru
     0 | D:1      | 0 ||| qw: Allow faded altars: false
     0 | D:1      | 0 ||| qw: Do Orc after D:15 true
     0 | D:1      | 0 ||| qw: Do second Lair branch before Depths: true
     0 | D:1      | 0 ||| qw: Lair rune preference: random
     0 | D:1      | 0 ||| qw: Plans: Normal
     0 | D:1      | 0 ||| PLANNING D:1-11
   123 | D:1      | Reached XP level 2. HP: 16/16 MP: 4/4
   139 | D:1      | Reached skill level 6 in Ranged Weapons
   591 | D:1      | 591 ||| DROPPING ring of wizardry.
   592 | D:1      | 592 ||| UPGRADING to +4 ring of protection.
   593 | D:1      | 593 ||| READING 2 scrolls labelled SAMANK IRAN.
   594 | D:1      | 594 ||| READING scroll labelled SIHOLO CESIRIX.
   599 | D:1      | 599 ||| READING scroll labelled RUUVVA SOESE.
   600 | D:1      | 600 ||| READING scroll labelled QOFAYD UZXECEOC.
   601 | D:1      | 601 ||| DROPPING scroll of amnesia.
   602 | D:1      | 602 ||| DROPPING scroll of butterflies.
   644 | D:2      | 644 ||| STAIRDANCE
   655 | D:2      | 655 ||| STAIRDANCE
   662 | D:1      | Reached XP level 3. HP: 19/20 MP: 5/5
   849 | D:2      | Reached skill level 7 in Ranged Weapons
  1250 | D:2      | 1250 ||| READING scroll labelled OMMITZY RIPU.
  1251 | D:2      | 1251 ||| READING 3 scrolls labelled BIWIJU NIRAI.
  1252 | D:2      | 1252 ||| READING scroll labelled JYICVU BUPHE.
  1253 | D:2      | 1253 ||| DROPPING 2 scrolls of fear.
  1303 | D:3      | Noticed a phantom
  1314 | D:3      | HP: 5/20 [phantom (5)]
  1319 | D:3      | HP: 1/20 [phantom (2)]
  1321 | D:3      | Killed a phantom
  1322 | D:3      | Reached skill level 8 in Ranged Weapons
  1322 | D:3      | Reached XP level 4. HP: 2/25 MP: 6/6
  1438 | D:3      | Found a shimmering blue altar of Sif Muna.
  1440 | D:3      | Found an ancient bone altar of Kikubaaqudgha.
  1440 | D:3      | Found a blossoming altar of Fedhas.
  1483 | D:3      | Reached XP level 5. HP: 24/29 MP: 7/7
  1598 | D:3      | 1598 ||| FLEEEEING.
  1599 | D:3      | 1599 ||| FLEEEEING.
  1600 | D:3      | 1600 ||| FLEEEEING.
  1603 | D:3      | 1603 ||| FLEEEEING.
  1604 | D:3      | 1604 ||| FLEEEEING.
  1605 | D:3      | 1605 ||| FLEEEEING.
  1606 | D:3      | 1606 ||| FLEEEEING.
  1608 | D:3      | 1608 ||| FLEEEEING.
  1609 | D:3      | 1609 ||| FLEEEEING.
  1611 | D:3      | 1611 ||| FLEEEEING.
  1612 | D:3      | 1612 ||| FLEEEEING.
  1812 | D:3      | HP: 1/29 [gnoll/+0 flail (12)]
  1813 | D:3      | Slain by a gnoll

Levels and vault maps discovered:
D:1:      lemuel_arrival_rhombus, layout_loops_ring, minmay_tromino_mix6
D:2:      layout_basic, wander_ebering_terrifying_dragon_lair
D:3:      layout_basic, chequers_temple_overflow_statue_of_worship,
          hellmonk_ecumenical_altar_zigzags, minmay_increasing_density

Skill      XL: |  1  2  3 |
---------------+----------+-----
Ranged Weapons | 6 8 |  8.7
Fighting       | |  1.5
Dodging        | |  2.4
Stealth        | |  1.2

Action                     |  1- 3 |  4- 6 || total
---------------------------+-------+-------++-------
   Fire: Shortbow          |   158 |    38 ||   196
    Use: Scroll            |     7 |       ||     7
 Armour: Leather armour    |    21 |     2 ||    23
  Dodge: Dodged            |    45 |     6 ||    51

Table legend:
 A = Non-vault XP
 B = Vault XP
 C = Vault XP percentage of total XP
 D = Non-vault monster count
 E = Vault monster count
 F = Vault count percentage of total count
                 A         B        C        D         E       F
            +---------+---------+-------+---------+---------+-------
      Total |     223 |      24 |   9.7 |      44 |      13 |  22.8
            +---------+---------+-------+---------+---------+-------
        D:1 |      34 |       6 |  15.0 |      18 |       3 |  14.3
        D:2 |      38 |       1 |   2.6 |      19 |       1 |   5.0
        D:3 |     151 |      17 |  10.1 |       7 |       9 |  56.2
            +---------+---------+-------+---------+---------+-------
